 Dungeon Crawl Stone Soup version 0.31-a0-876-gfe8ebadbca (webtiles) character file.

Game seed: 2357900984978841667

16500 Gargoyl the Protected (level 12, 0/76 HPs)
             Began as a Gargoyle Berserker on Oct 14, 2023.
             Was a High Priest of Trog.
             Slain by a fire elemental (6 damage)
             ... in a Gauntlet.
             The game lasted 00:14:49 (9488 turns).

Gargoyl the Protected (Gargoyle Berserker)          Turns: 9488, Time: 00:14:50

Health: 0/76       AC: 25    Str: 21    XL:     12   Next: 38%
Magic:  12/12      EV: 13    Int:  9    God:    Trog [*****.]
Gold:   656        SH:  5    Dex: 15    Spells: 11/11 levels left

rFire   . . .        p - +3 hand axe (venom)
rCold   + + .        (no shield)
rNeg    + . .        C - +2 scale mail {rC+}
rPois   ∞            y - +0 helmet
rElec   +            (no cloak)
rCorr   +            u - +0 pair of gloves
SInv    +            x - +1 pair of boots
Will    +++..        o - amulet of reflection
Stlth   +            b - ring of see invisible
HPRegen 2.12/turn    t - ring of Bikhleyth {rC+ rCorr Dex+2 Stlth+}
MPRegen 0.13/turn

%: no teleportation, reflection
@: strong-willed, on berserk cooldown, flying, regenerating
A: sickness immunity, AC +8, negative energy resistance 1, electricity
resistance, torment resistance 1, petrification resistance, big wings,
strong-willed 1, regeneration 1
a: Renounce Religion, Berserk, Trog's Hand, Brothers in Arms


You were in a Gauntlet.
You worshipped Trog.
Trog was extremely pleased with you.
You visited 2 branches of the dungeon, and saw 12 of its levels.
You also visited: Gauntlet.

You collected 799 gold pieces.
You spent 143 gold pieces at shops.

Inventory:

Hand Weapons
 a - a +5 hand axe of flaming
 c - a +0 spear
 p - a +3 hand axe of venom (weapon)
Missiles
 h - 21 poisoned darts (quivered)
 r - a throwing net
Armour
 u - a +0 pair of gloves (worn)
 x - a +1 pair of boots (worn)
 y - a +0 helmet (worn)
 C - a +2 scale mail of cold resistance (worn)
Jewellery
 b - a ring of see invisible (left hand)
 d - an amulet of regeneration
 o - an amulet of reflection (around neck)
 t - the ring of Bikhleyth (right hand) {rC+ rCorr Dex+2 Stlth+}
   (You took it off a kobold brigand on level 6 of the Dungeon)

   [ring of protection from cold]

   Dex+2:     It affects your dexterity (+2).
   rC+:       It protects you from cold.
   rCorr:     It protects you from acid and corrosion.
   Stlth+:    It makes you more stealthy.
 B - a ring of positive energy
Wands
 e - a wand of charming (8)
 m - a wand of roots (24)
Scrolls
 i - 2 scrolls of fear
 k - 2 scrolls of immolation
 s - 5 scrolls of teleportation
 v - 2 scrolls of poison
 z - 2 scrolls of revelation
 D - a scroll of fog
 I - a scroll of blinking
Potions
 f - 5 potions of haste
 g - a potion of invisibility
 j - 2 potions of curing
 l - a potion of enlightenment {unknown}
 n - a potion of lignification {unknown}
 q - a potion of mutation
 w - 2 potions of might
 A - 2 potions of berserk rage
 E - a potion of resistance
 F - a potion of heal wounds {unknown}


   Skills:
 + Level 9.1 Fighting
 + Level 11.2 Axes
 + Level 0.2 Throwing
 * Level 11.5 Armour
 * Level 6.5 Dodging
 + Level 1.2 Stealth
 + Level 6.6 Shields


You had 11 spell levels left.
You didn't know any spells.
Your spell library was empty.

Dungeon Overview and Level Annotations

Branches:
Dungeon (10/15)            Temple (0/1) D:6            Lair (2/5) D:10
    Orc (0/2) D:10        Gauntlet (1/1)
  Swamp: Lair:2-3    Shoals: Lair:2-3     Snake: Lair:2-3    Spider: Lair:2-3

Altars:
Ashenzari
Elyvilon
Makhleb
Nemelex Xobeh
Ru
Sif Muna
Uskayaw
Wu Jian
Zin
The Shining One

Shops:
D:2 ?   D:6 **

Annotations:
Gauntlet 5 transporters, 2 runed translucent doors


Innate Abilities, Weirdness & Mutations

You are immune to sickness and miasma.
Your stone body is resilient. (AC +8)
You are immune to poison.
You resist negative energy. (rN+)
You are resistant to electric shocks. (rElec)
You are resistant to unholy torment.
You are immune to petrification.
Your large and strong wings let you fly.
You are strong-willed. (Will+)
Your natural rate of healing is unusually fast.


Message History

* * * LOW HITPOINT WARNING * * *
The fireball engulfs the efreet.
The efreet completely resists.
You feel better. The fire elemental closely misses you.
The fire elemental hits you.
Unknown command.
It was a potion of berserk rage.
You're still recovering from your berserk rage.
The fire elemental hits you. The fire elemental barely misses you.
It was a potion of resistance.
You feel protected. The fire elemental hits you. The fire elemental burns you!
You resist.
* * * LOW HITPOINT WARNING * * *
The fire elemental closely misses you.
It was a potion of cancellation.
Your magical effects are unravelling.
You feel magically purged.
You feel yourself speed up.
You feel a little less mighty now.
Your resistance to elements expires.
You block the fire elemental's attack. The fire elemental misses you.
It was a potion of magic.
Magic courses through your body. The fire elemental hits you.
The fire elemental burns you! The fire elemental misses you.
Your ogre goes berserk!
You block the fire elemental's attack.
Unknown command.
Unknown command.
You completely miss the fire elemental.
Your ogre barely misses the fire elemental.
The fire elemental hits you. The fire elemental burns you!
Unknown command.
You hit the fire elemental.
The fire elemental is lightly damaged.
You closely miss the fire elemental. The fire elemental barely misses you.
The efreet gestures at you.
The bolt of fire misses the fire elemental.
The bolt of fire hits you!!
* * * LOW HITPOINT WARNING * * *
Your ogre barely misses the fire elemental.
The fire elemental hits you. The fire elemental burns you!
You die...

...#.##©...#.≈#
.8.#########.≈≈#
.⌠.#8..©#....≈##
.8.#©...#.8..##
...#8..©#....≈##
...#########.≈≈#
#..#.....°.#.≈##
##.#.#####.#.##
#≈.#.+.@E°R#.≈#
≈≈.#.#.OE#.#.≈≈#
#≈.#.#≈≈≈#.#.≈##
##.#.#####.#.##
#≈.#..$©.|.#.≈#
≈≈.#########.≈≈#
#≈.#8..©#....≈##
##.#©...#.8..##
≈.#8.. #....≈


You could see an efreet, 2 fire elementals and a friendly ogre (summoned,
berserk).

Vanquished Creatures
  A blizzard demon (Gauntlet)
  A two-headed ogre (D:10)
  A necromancer (Gauntlet)
  3 black mambas
  An unseen horror (D:10)
  A gargoyle (Gauntlet)
  3 cane toads
  3 ice devils (Gauntlet)
  A komodo dragon (D:10)
  2 rime drakes
  A troll (D:9)
  5 blink frogs (Lair:2)
  2 wyverns (D:10)
  2 steam dragons
  A vampire (D:9)
  11 yaks
  A basilisk (Lair:1)
  3 water moccasins
  2 hell hounds (Gauntlet)
  8 orc warriors
  A sky beast (D:6)
  2 ice beasts
  3 ogres
  6 black bears
  14 wolves
  4 centaurs
  2 phantoms
  2 kobold brigands
  4 bullfrogs
  4 scorpions
  7 wights
  3 howler monkeys
  An electric eel (D:10)
  A lava snake (D:9)
  5 hounds
  2 gnoll boudas
  5 jellies
  8 orc priests
  4 iguanas
  2 sleepcaps
  13 orc wizards
  8 gnolls
  14 adders
  3 white imps
  3 ufetubi
  6 worms
  A dart slug (D:3)
  72 orcs
  9 endoplasms
  2 giant cockroaches
  5 hobgoblins
  A jackal (D:1)
  A quokka (D:4)
  4 ball pythons
  3 bats
  A frilled lizard (D:3)
  4 goblins
  10 kobolds
  4 rats
297 creatures vanquished.

Vanquished Creatures (collateral kills)
  A catoblepas (Gauntlet)
  A gargoyle (Gauntlet)
2 creatures vanquished.

Grand Total: 299 creatures vanquished

Notes
Turn   | Place    | Note
-------+----------+-------------------------------------------
     0 | D:1      | Gargoyl the Gargoyle Berserker began the quest for the Orb.
     0 | D:1      | Reached XP level 1. HP: 14/14 MP: 1/1
   284 | D:1      | Reached XP level 2. HP: 18/19 MP: 2/2
   819 | D:2      | Reached XP level 3. HP: 22/24 MP: 3/3
  1032 | D:2      | Found a broken altar of Ashenzari.
  1359 | D:2      | Found The Oracle's Delphic Readings.
  1380 | D:2      | Reached ** piety under Trog
  1583 | D:2      | You fall into a shaft and drop 1 floor!
  1881 | D:3      | Reached XP level 4. HP: 30/30 MP: 4/4
  2747 | D:4      | Gained mutation: You are strong-willed. (Will+) [potion of
                  | mutation]
  2747 | D:4      | Gained mutation: Your large and strong wings let you fly.
                  | [potion of mutation]
  2747 | D:4      | Gained mutation: Your natural rate of healing is unusually
                  | fast. [potion of mutation]
  2809 | D:4      | Reached XP level 5. HP: 32/34 MP: 5/5
  3354 | D:4      | Reached XP level 6. HP: 39/39 MP: 6/6
  3495 | D:5      | Entered Level 5 of the Dungeon
  3550 | D:5      | Reached *** piety under Trog
  3603 | D:5      | Noticed a black bear
  3614 | D:5      | Killed a black bear
  3615 | D:5      | Reached skill level 1 in Shields
  3617 | D:5      | Reached skill level 5 in Axes
  3617 | D:5      | Reached XP level 7. HP: 44/44 MP: 7/7
  3733 | D:5      | Reached skill level 5 in Fighting
  3788 | D:5      | Found a white marble altar of Elyvilon.
  3793 | D:5      | Found a glowing golden altar of the Shining One.
  3844 | D:5      | Found a sacrificial altar of Ru.
  3917 | D:5      | Reached skill level 5 in Armour
  3917 | D:5      | Reached XP level 8. HP: 50/50 MP: 8/8
  4041 | D:5      | Found a glowing silver altar of Zin.
  4099 | D:5      | Identified the +2 plate armour "Ymeuzir" {Harm rN+ Str-4
                  | Stlth+}
  4219 | D:6      | Found Ytuosch's General Store.
  4219 | D:6      | Found Imah's Specific Store.
  4227 | D:6      | Bought a potion of mutation for 104 gold pieces
  4227 | D:6      | Bought a potion of curing for 39 gold pieces
  4523 | D:6      | Found a staircase to the Ecumenical Temple.
  4983 | D:6      | Reached XP level 9. HP: 55/55 MP: 9/9
  5060 | D:6      | Identified the ring of Bikhleyth {rC+ rCorr Dex+2 Stlth+}
  5359 | D:7      | Reached **** piety under Trog
  5373 | D:7      | Reached XP level 10. HP: 41/61 MP: 10/10
  5508 | D:7      | Found a sparkling altar of Nemelex Xobeh.
  5653 | D:7      | Found a runed translucent door.
  6146 | D:8      | Found a shimmering blue altar of Sif Muna.
  6519 | D:9      | Reached ***** piety under Trog
  6691 | D:9      | Reached skill level 5 in Shields
  6959 | D:9      | Found a hide-covered altar of Uskayaw.
  7335 | D:10     | Entered Level 10 of the Dungeon
  7473 | D:10     | Found a burning altar of Makhleb.
  7473 | D:10     | Noticed an unseen horror
  7477 | D:10     | Found an ornate altar of the Wu Jian Council.
  7485 | D:10     | Killed an unseen horror
  7486 | D:10     | Reached XP level 11. HP: 67/67 MP: 11/11
  7652 | D:10     | Noticed a two-headed ogre
  7668 | D:10     | Reached skill level 10 in Armour
  7669 | D:10     | Killed a two-headed ogre
  7712 | D:10     | Found a staircase to the Orcish Mines.
  7919 | D:10     | Found a staircase to the Lair.
  7943 | D:10     | Reached skill level 5 in Dodging
  8095 | Lair:1   | Entered Level 1 of the Lair of Beasts
  8111 | Lair:1   | Reached skill level 10 in Axes
  8114 | Lair:1   | Reached skill level 1 in Stealth
  9193 | Lair:2   | Found a gate leading to a gauntlet.
  9204 | Lair:2   | Reached XP level 12. HP: 64/75 MP: 12/12
  9210 | Gauntlet | Entered a Gauntlet
  9210 | Gauntlet | Found a transporter.
  9222 | Gauntlet | Found a transporter.
  9222 | Gauntlet | Found a transporter.
  9222 | Gauntlet | Found a transporter.
  9222 | Gauntlet | Noticed a catoblepas
  9232 | Gauntlet | Killed a catoblepas
  9257 | Gauntlet | Found a runed translucent door.
  9258 | Gauntlet | Found a runed translucent door.
  9260 | Gauntlet | Found a transporter.
  9260 | Gauntlet | Found a transporter.
  9260 | Gauntlet | Found a transporter.
  9421 | Gauntlet | Noticed a blizzard demon
  9426 | Gauntlet | Found a transporter.
  9426 | Gauntlet | Found a transporter.
  9426 | Gauntlet | Found a transporter.
  9444 | Gauntlet | Killed a blizzard demon
  9463 | Gauntlet | Found a runed translucent door.
  9463 | Gauntlet | Found a runed translucent door.
  9466 | Gauntlet | Found a transporter.
  9468 | Gauntlet | Found a transporter.
  9488 | Gauntlet | Slain by a fire elemental

Illustrated notes

Levels and vault maps discovered:
D:1:      dpeg_arrival_brainrot, layout_basic
D:2:      layout_basic, basic_altar, nicolae_nh_oracle_at_delphi
D:3:      layout_loops_ring, grunt_ministairs_3
D:4:      layout_cave_pods, minmay_misc_feat_cross, grunt_tough_drop
D:5:      layout_cave_pools, dreamdust_divine_triumvirate,
          mainiacjoe_overflow_chevrons, kennysheep_generic_room_2
D:6:      minmay_octagon_keep, layout_basic, temple_fountains, minivault_26,
          nicolae_specific_store
D:7:      layout_rooms, mainiacjoe_overflow_surrounded_room,
          lightli_church_of_beogh
D:8:      layout_loops_cross, mainiacjoe_overflow_paths, nicolae_zig_zag_zippers
D:9:      layout_irregular_city, nicolae_uskayaw_suspiria
D:10:     layout_big_octagon, jmf_multi_god_temple, david_lair_shrubbed,
          orc_david_3
Lair:1:   layout_regular_city, minmay_stone_trees_medium, grunt_megastairs_1,
          infiniplex_staircase_pool_2
Lair:2:   layout_small_grid, nicolae_snake_entry_squirm, gauntlet_entry_generic
Gauntlet: gammafunk_gauntlet_77_escape_option
          [minmay_gauntlet_arena_77_hold_the_fort,
          minmay_gauntlet_arena_77_cramped, minmay_gauntlet_arena_77_fan,
          minmay_gauntlet_arena_77_shame_cube,
          minmay_gauntlet_arena_77_tiled_triplets,
          dreamdust_gauntlet_exit_labyrinth]

Skill      XL: |  1  2  3  4  5  6  7  8  9 10 11 12 |
---------------+-------------------------------------+-----
Fighting       | 4 5 6 7 8 9 |  9.1
Axes           | 3 4 5 6 7 8 9 10 11 | 11.2
Armour         | 3 4 5 7 9 11 | 11.5
Shields        | 1 3 4 5 6 |  6.6
Dodging        | 2 3 4 6 |  6.5
Stealth        | 1 |  1.2
Throwing       | |  0.2

Action                     |  1- 3 |  4- 6 |  7- 9 | 10-12 || total
---------------------------+-------+-------+-------+-------++-------
  Melee: Hand axe          |   130 |   166 |   309 |   531 ||  1136
         Punch             |       |     1 |     4 |     9 ||    14
  Throw: Dart              |       |       |     2 |       ||     2
 Invoke: Berserk           |       |     2 |     7 |     6 ||    15
         Trog's Hand       |       |       |     7 |     7 ||    14
         Brothers in Arms  |       |       |       |     2 ||     2
    Use: Scroll            |     6 |     4 |     5 |    10 ||    25
         Potion            |       |     1 |       |     6 ||     7
 Armour: Animal skin       |    28 |       |       |       ||    28
         Scale mail        |    62 |     8 |       |   311 ||   381
         Plate armour      |       |   111 |   318 |   124 ||   553
  Dodge: Dodged            |    78 |    46 |   140 |   290 ||   554
  Block: Other             |     3 |    39 |    99 |   121 ||   262
         Reflection        |       |       |     1 |     2 ||     3

Table legend: (Time is in decaauts)
 A = Elapsed time spent in this place.
 B = Non-inter-level travel time spent in this place.
 C = Inter-level travel time spent in this place.
 D = Time resting spent in this place.
 E = Time spent auto-exploring this place.
 F = Levels seen in this place.
 G = Mean time per level.
                   A        B        C        D        E       F      G
               +--------+--------+--------+--------+--------+-----+--------+
         Total |   9535 |   9237 |    298 |    199 |   6528 |  13 |  733.5 |
       Dungeon |   8186 |   7927 |    259 |     99 |   5747 |  10 |  818.6 |
          Lair |   1074 |   1036 |     38 |      0 |    759 |   2 |  537.0 |
      Gauntlet |    275 |    275 |      0 |    100 |     22 |   1 |  275.0 |
               +--------+--------+--------+--------+--------+-----+--------+

Top non-repeatable levels by time:
     D:6: 1062 daAuts
     D:4: 978 daAuts
     D:2: 965 daAuts
  Lair:1: 872 daAuts
     D:9: 831 daAuts
     D:3: 801 daAuts
     D:1: 795 daAuts
    D:10: 751 daAuts
     D:8: 730 daAuts
     D:5: 652 daAuts
     D:7: 616 daAuts
Gauntlet: 275 daAuts
  Lair:2: 202 daAuts
